 Dungeon Crawl Stone Soup version 0.17-a0-1133-gfb1399f (webtiles) character file.

86 Hanyuu the Insei (level 4, 0/29 HPs)
             Began as an Octopode Transmuter on May 25, 2015.
             Succumbed to an adder's poison
             ... on level 2 of the Dungeon.
             The game lasted 00:03:50 (1663 turns).

Hanyuu the Insei (Octopode Transmuter)              Turns: 1663, Time: 00:03:50

Health: 0/29       AC:  1    Str:  9    XL:     4   Next: 50%
Magic:  7/7        EV: 12    Int: 16    God:
Gold:   87         SH:  0    Dex: 12    Spells: 3 memorised, 1 level left

rFire  . . .     SeeInvis .       - Unarmed
rCold  . . .     Clarity  .     (no shield)
rNeg   . . .     SustAt   .     (helmet restricted)
rPois  .         Gourm    .     (no amulet)
rElec  .         Spirit   .     f - ring of wizardry
rCorr  .         Warding  .     (no ring)
rMut   .         Stasis   .     (no ring)
MR     .....                    (no ring)
Stlth  ++........               (no ring)
                                (no ring)
                                (no ring)
                                (no ring)

@: lethally poisoned (0 -> -12), not resistant to hostile enchantments,
unstealthy
A: almost no armour, amphibious, 8 rings, constrict 8, camouflage 1, gelatinous
body 1
a: no special abilities


You were on level 2 of the Dungeon.
You were not hungry.

You visited 1 branch of the dungeon, and saw 2 of its levels.

You collected 87 gold pieces.

Inventory:

Missiles
 a - 56 arrows
 d - 5 tomahawks (quivered)
 l - 20 poisoned needles
Jewellery
 f - a ring of wizardry (left tentacle)
Scrolls
 g - 2 scrolls of identify {unknown}
 k - a scroll of remove curse {unknown}
 p - a scroll of teleportation
 q - a scroll of magic mapping {unknown}
Potions
 h - 2 potions of agility
 i - a potion of flight {unknown}
 j - a potion of curing {unknown}
 r - a potion of degeneration {unknown}
 s - a potion of might {unknown}
Books
 b - a book of Changes

   Spells                             Type                      Level
   a - Beastly Appendage              Transmutation                1
   b - Sticks to Snakes               Transmutation                2
   c - Spider Form                    Transmutation/Poison         3
   d - Ice Form                       Ice/Transmutation            4
   e - Blade Hands                    Transmutation                5
Comestibles
 c - 4 bread rations
 n - a meat ration
 o - a beef jerky


   Skills:
 - Level 2.0 Fighting
 - Level 2.0 Dodging
 * Level 4.8 Unarmed Combat
 - Level 2.0 Spellcasting
 - Level 2.0 Transmutations


You had one spell level left.
You knew the following spells:

 Your Spells              Type           Power        Failure   Level  Hunger
a - Beastly Appendage     Trmt           #.....       4%          1    #......
b - Sticks to Snakes      Trmt           #.........   6%          2    ###....
c - Spider Form           Trmt/Pois      #.........   16%         3    ###....


Dungeon Overview and Level Annotations

Branches:
Dungeon (2/15)

Altars:


Innate Abilities, Weirdness & Mutations

You cannot wear most types of armour.
You are amphibious.
You can wear up to eight rings at the same time.
You can use your tentacles to constrict eight enemies at once.
Your skin changes colour to match your surroundings (Stealth).
Your rubbery body absorbs attacks (AC +1).


Message History

* * * LOW HITPOINT WARNING * * *
You feel sick.
There is a lethal amount of poison in your body!
Read which item? (? for menu, Esc to quit)
As you read the scroll labeled RURHUT HUINWEA, it crumbles to dust.
You feel strangely unstable.
It was a scroll of teleportation.
* * * LOW HITPOINT WARNING * * *
You feel sick.
Drink which item? (? for menu, Esc to quit)
It was a potion of agility.
You feel agile all of a sudden.
* * * LOW HITPOINT WARNING * * *
You feel sick.
Drink which item? (? for menu, Esc to quit)
It was a potion of cancellation.
You feel strangely stable.
Your magical effects are unravelling.
You feel magically purged.
You feel a little less agile now.
You die...

..............#####.###...
.......#......### #.>...##
................###..#####
##.###.#..................
#.$......###.........####
# #.................###..
#......#####...........
#......##.....###......
#.....@...?#.## ###.†..
#.......†....# ##...
#######.....## #...
.......... #...
.#.#..##### .... .......#
.... .##.#.# ..#. .# . ..
. ..


There were no monsters in sight!

Vanquished Creatures
  Ijyb (D:2)
  An adder (D:2)
  2 oozes
  A ball python (D:2)
  3 bats
  A giant cockroach (D:1)
  4 goblins
  5 hobgoblins
  6 kobolds
  2 quokkas (D:2)
  4 giant geckos
  4 giant newts
  5 rats
39 creatures vanquished.

Notes
Turn   | Place    | Note
--------------------------------------------------------------
     0 | D:1      | Hanyuu the Octopode Transmuter began the quest for the Orb.
     0 | D:1      | Reached XP level 1. HP: 13/13 MP: 3/3
    53 | D:1      | Reached XP level 2. HP: 4/18 MP: 5/5
   653 | D:1      | Reached skill level 4 in Unarmed Combat
   884 | D:2      | Reached XP level 3. HP: 23/23 MP: 4/6
   905 | D:2      | Learned a level 2 spell: Sticks to Snakes
   909 | D:2      | Learned a level 3 spell: Spider Form
   939 | D:2      | Noticed Ijyb
   953 | D:2      | Killed Ijyb
   953 | D:2      | Reached XP level 4. HP: 18/28 MP: 4/7
  1662 | D:2      | HP: 1/29 [poisoned by an adder]
  1663 | D:2      | Succumbed to an adder's poison

Vault maps used:
D:1:      zelgadis_glass_arrival_small, supply_closet_lemuel, minmay_cupped
D:2:      first_bread, kennysheep_generic_room_15, uniq_iyjb

Action                   |  1- 3 |  4- 6 || total
-------------------------+-------+-------++-------
Melee: Unarmed           |    67 |    43 ||   110
 Cast: Beastly Appendage |     1 |     2 ||     3
       Spider Form       |     1 |     1 ||     2
  Use: Potion            |       |     2 ||     2
       Scroll            |       |     1 ||     1
 Stab: Sleeping          |     6 |       ||     6
  Eat: Chunk             |       |     3 ||     3
